Map: Cosmic Sapphire

Players

Hyeoly

  • Race: Zerg Zerg
  • League: Master
  • Spawn Location: 5:00

Vindicta - Winner!

  • Race: Terran Terran
  • League: Grandmaster
  • Spawn Location: 11:00

VOD

Have the link to the VOD?

Description

Time

  • Played on: Aug. 15, 2022, 9:50 a.m.
  • Length: 6:19
Show
View Real Time Build Order
Export as new Build Order

Hyeoly Zerg 

Build Orders: Hatch First 

Get SALT Encoding   

  12  0:00  Drone  
  13  0:12  Overlord  
  13  0:17  Drone  
  14  0:30  Drone x2  
  16  0:48  Hatchery  
  15  0:51  Drone  
  15  0:54  Drone  
  17  0:58  Drone  
  18  1:08  Extractor  
  17  1:13  Spawning Pool  
  17  1:16  Drone  
  17  1:20  Drone  
  18  1:28  Drone  
  19  1:38  Drone  
  20  1:49  Drone  
  21  2:00  Queen  
  21  2:01  Queen, Zergling x2  
  25  2:02  Zergling x2  
  27  2:10  Overlord  
  27  2:19  Hatchery  
  27  2:21  Drone  
  27  2:24  Drone  
  27  2:29  Drone  
  29  2:39  Queen  
  29  2:41  Drone  
  32  2:44  Overlord  
  32  2:46  Drone  
  32  2:49  Drone  
  34  2:54  Drone x2  
  34  2:56  Metabolic Boost  
  36  3:02  Queen  
  38  3:06  Drone  
  38  3:08  Drone  
  38  3:10  Drone  
  38  3:12  Drone  
  42  3:18  Overlord  
  42  3:21  Drone x2  
  44  3:30  Queen  
  44  3:31  Drone  
  44  3:32  Drone x2  
  49  3:37  Queen  
  51  3:45  Drone  
  51  3:47  Drone  
  53  3:49  Drone  
  53  3:50  Drone  
  53  3:51  Overlord  
  53  3:54  Drone x3  
  58  4:02  Overlord  
  58  4:08  Queen  
  60  4:10  Drone x5  
  60  4:15  Drone  
  60  4:16  Spore Crawler  
  65  4:17  Drone  
  65  4:18  Overlord  
  65  4:20  Queen  
  65  4:22  Drone x2  
  65  4:23  Drone  
  71  4:26  Zergling x2  
  72  4:33  Overlord x2  
  71  4:40  Overlord  
  71  4:41  Evolution Chamber x2, Extractor, Drone x2  
  70  4:47  Zergling x6  
  70  4:50  Overlord  
  70  4:51  Drone x2  
  70  4:52  Drone x4  
  79  5:03  Spore Crawler  
  79  5:06  Extractor, Hatchery  
  76  5:09  Drone x2  
  76  5:10  Drone  
  76  5:12  Drone x2  
  81  5:16  Extractor  
  80  5:22  Zergling x6  
  80  5:24  Queen x2  
  80  5:38  Zergling x2  
  80  5:39  Zergling x18  
  83  5:51  Zergling x12  
Show
View Real Time Build Order
Export as new Build Order

Vindicta Terran - Winner!

Build Orders: Hellion Opening, Reaper Expand 

Get SALT Encoding   

  12  0:00  SCV  
  13  0:12  SCV  
  14  0:17  Supply Depot  
  14  0:24  SCV  
  15  0:38  SCV  
  15  0:41  Barracks  
  16  0:47  Refinery  
  16  0:50  SCV  
  17  1:03  SCV  
  18  1:15  SCV  
  19  1:28  Orbital Command  
  19  1:30  Reaper  
  20  1:43  Command Center  
  20  1:54  SCV  
  20  1:55  Supply Depot  
  21  2:01  Marine  
  21  2:07  SCV  
  23  2:12  Factory  
  23  2:19  SCV  
  24  2:25  Refinery  
  24  2:26  Barracks Reactor  
  24  2:31  SCV  
  25  2:43  SCV  
  26  2:55  SCV  
  26  2:57  Orbital Command  
  27  3:04  Starport  
  27  3:08  Hellion x2, SCV, Barracks Tech Lab  
  32  3:20  SCV, Supply Depot  
  32  3:24  SCV  
  34  3:27  Stimpack  
  34  3:30  Hellion  
  34  3:32  Hellion, SCV  
  39  3:36  SCV  
  40  3:42  Viking  
  40  3:43  Marine  
  40  3:44  SCV  
  40  3:48  SCV  
  45  3:54  Supply Depot  
  45  3:55  Hellion  
  47  3:56  SCV  
  47  3:59  Hellion  
  47  4:00  SCV  
  51  4:05  Marine  
  51  4:08  SCV  
  53  4:12  SCV  
  53  4:13  Armory  
  54  4:17  Supply Depot  
  54  4:19  Medivac  
  54  4:20  SCV  
  54  4:23  Marine  
  58  4:26  Hellion x2  
  62  4:39  SCV x2  
  62  4:40  Supply Depot  
  64  4:47  Hellion x2  
  70  4:54  SCV  
  70  4:55  Supply Depot  
  70  4:58  SCV  
  70  5:00  Command Center  
  70  5:06  SCV  
  71  5:11  Barracks  
  71  5:12  Starport Reactor  
  71  5:14  Barracks  
  71  5:15  SCV  
  71  5:18  Factory Reactor  
  72  5:30  SCV x2  
  72  5:31  Engineering Bay  
  72  5:32  Engineering Bay, Refinery  
  72  5:33  Refinery  
  72  5:35  Marine  
  75  5:42  SCV  
  74  5:46  SCV  
  74  5:48  Supply Depot  
  73  5:54  SCV  
  73  5:56  Marine  
  75  5:57  Barracks x2  
  75  5:58  SCV  
  76  6:04  Starport Reactor  
  76  6:06  SCV  
Tags
 
Add a new tag
Caveats
  • Supply blocks, unpowered buildings, or Contaminate may cause inaccurate times.
  • Supply counts are checked every 10 seconds.